 Dungeon Crawl Stone Soup version 0.31-a0-1522-g43313d8a59 (webtiles) character file.

Game seed: 5930642706589869941

3157 croobank the Covert (level 9, -5/61 HPs)
             Began as an Octopode Summoner on Dec 30, 2023.
             Slain by an orc knight
             ... wielding a +0 trident
              (14 damage)
             ... in a bailey.
             The game lasted 00:50:56 (6625 turns).

croobank the Covert (Octopode Summoner)             Turns: 6625, Time: 00:50:57

Health: -5/61      AC:  5    Str:  7    XL:     9   Next: 94%
Magic:  0/16       EV: 15    Int: 22    God:
Gold:   566        SH:  0    Dex: 12    Spells: 4/18 levels left

rFire   . . .        b - +6 dagger (distort)
rCold   + . .        (no shield)
rNeg    . . .        (helmet restricted)
rPois   .            J - amulet of guardian spirit
rElec   .            g - ring of resist corrosion
rCorr   +            k - +4 ring of protection
SInv    +            m - ring of see invisible
Will    +....        D - ring of willpower
Stlth   +++++        v - ring of flight
HPRegen 0.30/turn    c - ring of protection from cold
MPRegen 0.15/turn    (no ring)
                     (no ring)

%: guardian spirit
@: flying, inugami summoned
A: almost no armour, amphibious, 8 rings, camouflage 1, gelatinous body 1,
(nimble swimmer 1), tentacles
a: no special abilities


You were in a bailey.
You visited 1 branch of the dungeon, and saw 7 of its levels.
You also visited: Ossuary and Bailey.

You collected 594 gold pieces.
You spent 28 gold pieces at shops.

Inventory:

Hand Weapons
 b - a +6 dagger of distortion (weapon)
 l - a +2 dagger of holy wrath
 n - a +3 hand axe of distortion
 u - a +3 quarterstaff of chaos
Missiles
 o - 6 poisoned darts
 G - 6 darts of dispersal
Jewellery
 c - a ring of protection from cold (on tentacle)
 g - a ring of resist corrosion (left tentacle)
 k - a +4 ring of protection (right tentacle)
 m - a ring of see invisible (on tentacle)
 v - a ring of flight (on tentacle)
 D - a ring of willpower (on tentacle)
 J - an amulet of guardian spirit (around mantle)
Wands
 p - a wand of charming (6)
 s - a wand of flame (24)
 K - a wand of iceblast (15)
Scrolls
 f - 4 scrolls of teleportation
 j - 3 scrolls of amnesia
 r - a scroll of fog
 y - a scroll of enchant armour
 E - 2 scrolls of immolation
Potions
 a - 2 potions of magic
 e - a potion of invisibility
 h - 10 potions of curing
 i - a potion of mutation
 q - a potion of berserk rage
 w - 2 potions of lignification
 x - 3 potions of attraction {unknown}
 z - a potion of haste {unknown}
 A - a potion of ambrosia {unknown}
 B - 2 potions of experience {unknown}
 H - 2 potions of might {unknown}
 L - 3 potions of cancellation


   Skills:
 + Level 5.0 Fighting
 + Level 5.8 Dodging
 + Level 8.4 Stealth
 + Level 5.2 Spellcasting
 + Level 6.7 Summonings
 + Level 4.4 Fire Magic
 + Level 3.5 Air Magic


You had 4 spell levels left.
You knew the following spells:

 Your Spells              Type           Power      Damage    Failure   Level
a - Summon Small Mammal   Summ           100%       N/A       1%          1
b - Call Imp              Summ           70%        N/A       1%          2
c - Call Canine Familiar  Summ           35%        N/A       1%          3
d - Summon Blazeheart Go  Fire/Summ      30%        N/A       10%         4
e - Summon Lightning Spi  Summ/Air       28%        N/A       12%         4

Your spell library contained the following spells:

 Spells                   Type           Power      Damage    Failure   Level
 Shock                    Conj/Air       52%        1d6       4%          1
 Swiftness                Air            21%        N/A       7%          3
 Summon Ice Beast         Ice/Summ       20%        N/A       8%          3
 Apportation              Tloc           10%        N/A       10%         1
 Magic Dart               Conj           20%        1d4       10%         1
 Necrotise                Necr           20%        1d5       10%         1
 Sting                    Conj/Alch      20%        1d4       10%         1
 Blink                    Tloc           10%        N/A       16%         2
 Airstrike                Air            10%        2d(2-18)  22%         4
 Hailstorm                Conj/Ice       5%         3d5       30%         3
 Leda's Liquefaction      Alch/Erth      2%         N/A       69%         4
 Yara's Violent Unravell  Hex/Alch       2%         3d3       95%         5
 Eringya's Noxious Bog    Alch           2%         4d6       100%        6
 Sculpt Simulacrum        Ice/Alch       2%         N/A       100%        6


Dungeon Overview and Level Annotations

Branches:
Dungeon (7/15)            Ossuary (visited)          Bailey (1/1)
 Temple: D:4-7

Altars:
Nemelex Xobeh
Ru
Wu Jian
Xom

Shops:
D:2 ([!*?


Innate Abilities, Weirdness & Mutations

You cannot wear most types of armour.
You are amphibious.
You can wear up to eight rings at the same time.
Your skin changes colour to match your surroundings (Stealth+).
Your rubbery body absorbs attacks. (AC +1, EV +1)
((You are camouflaged when in or above water. (Stealth+)))
You have tentacles for arms and can constrict up to eight enemies at once.


Message History

Press: ? - help, Shift-Dir - straight line, p - orc knight The mass of ice explodes!
The iceblast engulfs the orc knight!
The orc knight is almost dead.
The orc knight hits you from afar with a +0 trident!
Your inugami completely misses the orc knight.
The orc warrior hits you from afar with a +0 glaive!!
* * * LOW HITPOINT WARNING * * *
As you read the scroll of fear, it crumbles to dust.
You assume a fearsome visage.
The orc knight looks frightened!
The orc warrior looks frightened!
The orc warrior no longer looks unusually strong.
Your inugami closely misses the orc knight.
The orc knight gives up.
The orc knight prays for help.
Things that are here:
a +0 spear; a +0 scale mail The orc knight gibbers meaninglessly.
You see here a throwing net.
C - a throwing net
Okay, then.
Things that are here:
a +0 spear; a +0 scale mail
Okay, then.
Okay, then.
The orc knight hits your inugami with a +0 trident!
Your inugami closely misses the orc knight.
Things that are here:
a +0 halberd; a +0 scale mail; an orc corpse Throw: throwing net
Press: ? - help, Q - select action, (/) - cycle Shift-Dir - straight line, f - orc knight
Aim: an orc knight, wielding a +0 trident and wearing a +0 ring mail (almost dead, ally target, 47% to hit)
Okay, then.
Your inugami hits the orc knight but does no damage.
Throw: throwing net
Press: ? - help, Q - select action, (/) - cycle Shift-Dir - straight line, f - orc knight
Aim: an orc knight, wielding a +0 trident and wearing a +0 ring mail (almost dead, ally target, 47% to hit)
You throw a throwing net.
The throwing net closely misses the orc knight.
The orc knight hits you from afar with a +0 trident!
You die...

#≈≈≈...................
#≈≈≈≈.....(......♣...
#≈≈≈≈≈≈...#....#.).♣♣♣
#≈≈≈≈≈≈≈≈≈#....#≈≈≈≈≈♣♣#
#♣♣≈≈≈≈≈≈≈#....#≈≈≈≈≈≈≈#
♣.≈≈≈≈≈≈#....#≈≈≈≈≈≈≈#
♣...≈≈≈≈#.ho.#≈≈≈≈≈≈≈#
♣♣......#....#)...≈≈≈#
♣♣.........@......≈≈#
###.♣♣.).)...♣.♣..♣#
#.♣............♣♣
#....)..)....###
##...)).....##
#...)......#
#♣..∩..∩..♣# ♣........♣
♣♣......♣♣


You could see an orc knight (ally target) and a friendly inugami (summoned).

Vanquished Creatures
  Prince Ribbit (D:5)
  A water moccasin (D:6)
  An ice beast (D:6)
  2 orc warriors
  A sky beast (D:7)
  3 ogres
  2 centaurs
  A phantom (D:5)
  3 scorpions
  2 orc priests (D:7)
  Crazy Yiuf (D:4)
  A sleepcap (D:6)
  3 iguanas
  3 orc wizards
  A mummy (Ossuary)
  4 gnolls (D:5)
  7 adders
  A shadow imp (D:6)
  A white imp (D:5)
  5 ufetubi (D:6)
  A dart slug (D:1)
  A ribbon worm (D:5)
  8 orcs
  3 ball pythons
  6 endoplasms
  6 hobgoblins
  2 jackals (D:2)
  4 kobolds
  4 quokkas
  A bat (D:2)
  A frilled lizard (D:3)
  10 goblins
  5 rats
96 creatures vanquished.

Vanquished Creatures (collateral kills)
  4 orc warriors (Bailey)
  An ice beast (D:7)
  A centaur (D:7)
  An ogre (D:6)
  A phantom (D:6)
  Blork the orc (D:4)
  A scorpion (D:4)
  2 bombardier beetles
  2 jellies
  An orc priest (D:6)
  2 sleepcaps
  An iguana (D:6)
  Natasha (thrice) (D:3)
  An orc wizard (D:7)
  7 mummies (Ossuary)
  7 gnolls
  2 adders
  2 dart slugs
  A ribbon worm (D:3)
  7 orcs
  An endoplasm (D:2)
  5 goblins
  3 hobgoblins
  6 kobolds
  2 quokkas
  4 ball pythons
  3 bats
  A frilled lizard (D:1)
  4 gnoll zombies (Ossuary)
  2 kobold zombies (Ossuary)
  2 orc zombies (Ossuary)
  3 rats
84 creatures vanquished.

Vanquished Creatures (others)
  7 blazeheart cores
7 creatures vanquished.

Grand Total: 187 creatures vanquished

Notes
Turn   | Place    | Note
-------+----------+-------------------------------------------
     0 | D:1      | croobank the Octopode Summoner began the quest for the Orb.
     0 | D:1      | Reached XP level 1. HP: 11/11 MP: 3/3
   211 | D:1      | Reached skill level 3 in Stealth
   211 | D:1      | Reached XP level 2. HP: 17/17 MP: 3/5
   310 | D:1      | Learned a level 2 spell: Call Imp
   573 | D:1      | Found a faded altar of an unknown god.
   748 | D:1      | Reached XP level 3. HP: 21/21 MP: 2/6
   984 | D:2      | Found Goew's Distillery.
  1016 | D:2      | Found Vuajit's Magic Scroll Emporium.
  1024 | D:2      | Bought a scroll of identify for 28 gold pieces
  1144 | D:2      | Found Yneemo's Weapon Emporium.
  1239 | D:2      | Learned a level 3 spell: Call Canine Familiar
  1615 | D:2      | Found Ynomac's General Store.
  1635 | D:2      | Reached XP level 4. HP: 27/27 MP: 7/7
  1687 | D:2      | Found Fops's Antique Armour Shoppe.
  1768 | D:2      | Upgraded the game from 0.31-a0-1499-ge0622b2318 to
                  | 0.31-a0-1522-g43313d8a59
  1858 | D:3      | Found a shimmering altar of Xom.
  2007 | D:3      | Reached skill level 4 in Stealth
  2169 | D:3      | Reached skill level 1 in Fighting
  2241 | D:3      | Found a sparkling altar of Nemelex Xobeh.
  2366 | D:3      | Reached XP level 5. HP: 33/33 MP: 5/9
  2676 | D:3      | Noticed Natasha
  2681 | D:3      | Killed Natasha
  2767 | D:3      | Noticed Natasha
  2774 | D:3      | Killed Natasha
  3023 | D:3      | Noticed Natasha
  3043 | D:3      | Killed Natasha
  3044 | D:3      | Reached XP level 6. HP: 27/39 MP: 5/10
  3086 | D:3      | Learned a level 4 spell: Summon Blazeheart Golem
  3122 | D:4      | Reached skill level 5 in Stealth
  3209 | D:4      | Noticed Blork the orc
  3217 | D:4      | Killed Blork the orc
  3218 | D:4      | Reached skill level 5 in Summonings
  3295 | D:4      | Reached skill level 1 in Fire Magic
  3295 | D:4      | Reached XP level 7. HP: 45/45 MP: 6/12
  3530 | D:4      | Found a runed translucent door.
  3531 | D:4      | Noticed Crazy Yiuf
  3538 | D:4      | Killed Crazy Yiuf
  4054 | D:5      | Entered Level 5 of the Dungeon
  4136 | D:5      | Found a sand-covered staircase.
  4141 | Ossuary  | Entered an ossuary
  4163 | Ossuary  | Reached skill level 6 in Stealth
  4328 | Ossuary  | Reached XP level 8. HP: 40/52 MP: 8/13
  4448 | Ossuary  | Learned a level 4 spell: Summon Lightning Spire
  4650 | D:5      | Found an ornate altar of the Wu Jian Council.
  4923 | D:5      | Reached skill level 1 in Air Magic
  5109 | D:5      | Noticed Prince Ribbit
  5116 | D:5      | Killed Prince Ribbit
  5117 | D:5      | Reached skill level 7 in Stealth
  5283 | D:6      | Found a sacrificial altar of Ru.
  5330 | D:6      | Reached skill level 5 in Dodging
  5330 | D:6      | Reached XP level 9. HP: 58/58 MP: 8/15
  6305 | D:7      | Reached skill level 8 in Stealth
  6305 | D:7      | Reached skill level 5 in Spellcasting
  6361 | D:7      | Found a flagged portal.
  6401 | D:7      | Got the Meditations on the Tincture
  6409 | Bailey   | Entered a bailey
  6499 | Bailey   | Reached skill level 5 in Fighting
  6585 | Bailey   | Noticed an orc knight
  6625 | Bailey   | Slain by an orc knight

Illustrated notes

Levels and vault maps discovered:
D:1:      saegor_arrival_miasma, layout_basic,
          hellmonk_ecumenical_altar_arch_garden, chequers_serial_rivers_room_b
D:2:      layout_loops_cross, serial_shops, nicolae_shop_scrapyard,
          nicolae_shop_trees, shop, shop, shop, kennysheep_generic_room_16
D:3:      layout_loops_ring, old_standard_altar, nemelex_spade_bored_becter,
          uniq_natasha
D:4:      layout_loops_ring, minmay_misc_feat_cross, uniq_crazy_yiuf_cottage,
          uniq_blork_the_orc
D:5:      kennysheep_six_static_rooms, layout_cave_pools,
          pdpol_wu_jian_five_deadly_venoms, enter_ossuary_2, dk_noncrumbling_2,
          feat_on_display, uniq_prince_ribbit1
D:6:      layout_rooms, nicolae_ru_path_of_blood, grunt_decor_mini_mirrors,
          st_stairs_4
D:7:      layout_rooms, minmay_temple_entry_gardened_gates, enter_bailey_7,
          kennysheep_generic_room_13
Bailey:   bailey_polearm_elven_captive_hellmonk, bailey

Skill      XL: |  1  2  3  4  5  6  7  8  9 |
---------------+----------------------------+-----
Stealth        | 3 4 5 6 7 8 |  8.4
Fighting       | 1 2 3 4 5 |  5.0
Dodging        | 3 4 5 |  5.8
Spellcasting   | 3 4 5 |  5.2
Summonings     | 5 6 |  6.7
Fire Magic     | 1 2 3 4 |  4.4
Air Magic      | 2 3 |  3.5

Action                     |  1- 3 |  4- 6 |  7- 9 || total
---------------------------+-------+-------+-------++-------
  Melee: Dagger            |    32 |    29 |   114 ||   175
         Tentacles         |     6 |     9 |    23 ||    38
         Constrict         |     3 |     7 |    24 ||    34
  Throw: Throwing net      |       |       |     2 ||     2
   Cast: Summon Small Mamm |    26 |     7 |    36 ||    69
         Call Imp          |     6 |     4 |    20 ||    30
         Call Canine Famil |     1 |     6 |    17 ||    24
         Summon Blazeheart |       |     3 |     8 ||    11
         Summon Lightning  |       |       |     5 ||     5
  Evoke: Wand              |       |       |     2 ||     2
    Use: Scroll            |     2 |       |    17 ||    19
   Stab: Sleeping          |    10 |     5 |    11 ||    26
 Armour: Skin              |     7 |    18 |    74 ||    99
  Dodge: Dodged            |    11 |    11 |    84 ||   106

Table legend: (Time is in decaauts)
 A = Elapsed time spent in this place.
 B = Non-inter-level travel time spent in this place.
 C = Inter-level travel time spent in this place.
 D = Time resting spent in this place.
 E = Time spent auto-exploring this place.
 F = Levels seen in this place.
 G = Mean time per level.
                   A        B        C        D        E       F      G
               +--------+--------+--------+--------+--------+-----+--------+
         Total |   6619 |   6454 |    165 |    678 |   3647 |   9 |  735.4 |
       Dungeon |   6078 |   5913 |    165 |    564 |   3631 |   7 |  868.3 |
       Ossuary |    324 |    324 |      0 |     62 |      6 |   1 |  324.0 |
        Bailey |    215 |    215 |      0 |     52 |     10 |   1 |  215.0 |
               +--------+--------+--------+--------+--------+-----+--------+

Top non-repeatable levels by time:
     D:3: 1319 daAuts
     D:1: 961 daAuts
     D:6: 952 daAuts
     D:4: 944 daAuts
     D:2: 826 daAuts
     D:5: 815 daAuts
 Ossuary: 324 daAuts
     D:7: 259 daAuts
  Bailey: 215 daAuts
